AoeStats
← Oldspice

Black Forest

503496073Analyzed
4v4 RM · 1mo ago on Aug 31, 2026· 23m 36s· 8 players
Game mode
Random Map
Map size
Large (8 player)
Population
200
Speed
Normal
Resources
Standard
Victory
Conquest
Starting age
Dark Age
Ending age
Imperial Age
RankedLock teamsTeams togetherTeam positionsShared explorationLock speedFull tech treeHidden civsTurbo modeCheats
Victory
Defeat
🇲🇽 Gurjaras · Mexico
1705
+10
🇺🇸 Italians · United States
1703
+10
🇲🇽 Poles · Mexico
1534
+17
🇦🇷 Saracens · Argentina
1495
+19
🇺🇸 Jurchens · United States
1566
-14
🇺🇸 Celts · United States
1564
-14
🇺🇸 Ethiopians · United States
1563
-14
🇨🇦 Muisca · Canada
1554
-13
Oldspice
1:00 Loom
13:57 Feudal Age
19:15 Castle Age
17:50 Horse Collar
17:58 Double-Bit Axe
Boomer
1:25 Loom
11:04 Feudal Age
16:13 Castle Age
15:41 Scale Mail Armor
15:28 Double-Bit Axe
IVIUSTANG
10:53 Feudal Age
9:10 Loom
13:09 Loom
15:52 Castle Age
14:05 Scale Mail Armor
14:16 Double-Bit Axe
15:41 Forging
17:31 Champi Runner
23:54 Chain Mail Armor
ashleylynn
12:04 Feudal Age
12:58 Loom
16:17 Castle Age
17:45 Double-Bit Axe
17:46 Horse Collar
18:30 Heavy Plow
Cavatappi
0:26 Loom
11:03 Feudal Age
11:57 Double-Bit Axe
16:28 Fletching
18:05 Padded Archer Armor
17:48 Horse Collar
24:01 Castle Age
§Y¶# Ä
2:41 Loom
9:30 Feudal Age
15:55 Castle Age
15:14 Double-Bit Axe
César UAM
6:48 Loom
9:38 Feudal Age
10:16 Double-Bit Axe
11:42 Horse Collar
17:41 Scale Barding Armor
17:47 Forging
19:37 Bloodlines
20:28 Wheelbarrow
Marcusscus
7:04 Loom
9:24 Feudal Age
10:39 Double-Bit Axe
14:47 Padded Archer Armor
14:57 Town Watch
16:01 Fletching
18:58 Wheelbarrow
25:29 Castle Age
Connection lost

Rejoining the realm…

Still unreachable

The connection could not be restored.

Session expired

The server has moved on; the page needs a fresh start.